 Dungeon Crawl Stone Soup version 0.22.1-1-ga44c0e56f4 (webtiles) character file.

506 Ivernyr the Magician (level 6, -5/32 HPs)
             Began as a Deep Elf Wizard on Oct 23, 2018.
             Was an Initiate of Cheibriados.
             Slain by an orc
             ... wielding a +0 morningstar
              (6 damage)
             ... while paralysed by Grinder
             ... on level 5 of the Dungeon on Oct 24, 2018.
             The game lasted 00:22:46 (4322 turns).

Ivernyr the Magician (Deep Elf Wizard)              Turns: 4322, Time: 00:22:47

Health: -5/32      AC:  3    Str:  5    XL:     6   Next: 97%
Magic:  11/17      EV:  2    Int: 26    God:    Cheibriados [......]
Gold:   233        SH:  0    Dex: 14    Spells: 8/17 levels left

rFire    . . .     SeeInvis .   (no weapon)
rCold    . . .     Gourm    .   (no shield)
rNeg     . . .     Faith    .   g - +0 robe (curse)
rPois    +         Spirit   .   b - +0 hat
rElec    .         Reflect  .   (no cloak)
rCorr    .         Harm     .   y - +0 pair of gloves
MR       .....                  (no boots)
Stlth    ++........             (no amulet)
HPRegen  0.10/turn              (no ring)
MPRegen  0.15/turn              x - ring of poison resistance

@: paralysed, very slow
A: no striking features
a: Bend Time, Renounce Religion


You were on level 5 of the Dungeon.
You worshipped Cheibriados.
Cheibriados was noncommittal.
You were not hungry.

You visited 1 branch of the dungeon, and saw 5 of its levels.

You collected 233 gold pieces.

Inventory:

Armour
 b - a +0 hat (worn)
 g - a cursed +0 robe (worn)
 y - a +0 pair of gloves (worn)
Jewellery
 o - an uncursed ring of stealth
 w - an uncursed ring of resist corrosion
 x - a ring of poison resistance (right hand)
Scrolls
 f - 2 scrolls of fear {unknown}
 h - 3 scrolls of teleportation {unknown}
 i - 2 scrolls of random uselessness {unknown}
 j - a scroll of amnesia {unknown}
 k - 4 scrolls of identify {unknown}
 l - a scroll of enchant weapon {unknown}
 n - 2 scrolls of immolation {unknown}
 p - 3 scrolls of fog {unknown}
 r - 2 scrolls of remove curse {unknown}
 t - a scroll of enchant armour {unknown}
Potions
 a - 2 potions of lignification {unknown}
 c - 2 potions of agility {unknown}
 e - a potion of haste {unknown}
 m - 4 potions of curing {unknown}
 q - 3 potions of degeneration {unknown}
 s - a potion of heal wounds {unknown}
 u - a potion of ambrosia {unknown}
 v - a potion of flight {unknown}
 z - a potion of might {unknown}
Comestibles
 d - 7 rations


   Skills:
 + Level 4.8 Dodging
 - Level 2.4 Stealth
 + Level 6.4 Spellcasting
 * Level 5.5 Conjurations
   Level 1.1 Summonings
 - Level 1.1 Translocations
 + Level 1.3 Invocations


You had 8 spell levels left.
You knew the following spells:

 Your Spells              Type           Power        Failure   Level  Hunger
a - Magic Dart            Conj           ####         1%          1    None
b - Blink                 Tloc           N/A          6%          2    None
c - Conjure Flame         Conj/Fire      ###.....     6%          3    None
d - Mephitic Cloud        Conj/Pois/Air  ###.....     10%         3    None

Your spell library contained the following spells:

 Spells                   Type           Power        Failure   Level  Hunger
 Call Imp                 Summ           ##......     6%          2    None
 Slow                     Hex            #.......     10%         2    None


Dungeon Overview and Level Annotations

Branches:
Dungeon (5/15)
 Temple: D:4-7

Altars:
Cheibriados
Elyvilon
Gozag
Kikubaaqudgha
Makhleb
Nemelex Xobeh
Ru
Uskayaw
Zin
The Shining One

Annotations:
D:5 Grinder


Message History

Grinder gestures at you. Pain shoots through your body!
* * * LOW HITPOINT WARNING * * *
The orc barely misses you.
Found 13 stones.
Grinder says, "There's only one good use for a tongue: cutting it out."
Grinder closely misses you.
There is a stone staircase leading down here.
Casting: Magic Dart (safe; 1% risk of failure)
Confirm with . or Enter, or press ? or * to list all spells.
You blink.
Grinder gestures at you.
You suddenly lose the ability to move!
Grinder gestures at you.
You struggle to resist.
Grinder blinks!
The orc hits you with a morningstar!
* * * LOW HITPOINT WARNING * * *
The orc hits you with a morningstar.
You die...

###.....#.)##.#..
......##.......#
....##........###
(...#.........## .
..............###.. ####
.........)........ ...# #.
###............... ...#
#...#...5.........#### ...#
#.....@o..........##### ...###
###...##..............# .....#
#####.#.###.......(#.....
.###.####.......##..>§......#.###
..##...#..####.###...........#..≈
#.####.....###.# #..........#..≈.
#.## #...#...#.# #.........#...≈.
#..# #...###.#.###..........#..≈.
##.###...# #.....##....(...#.#..≈


You could see Grinder and an orc.

Vanquished Creatures
  A black bear (D:2)
  A hornet zombie (D:4)
  2 iguanas
  2 worker ants
  10 adders
  A howler monkey skeleton (D:5)
  A shadow imp (D:5)
  An ooze (D:2)
  An adder zombie (D:5)
  5 worms
  An adder skeleton (D:4)
  2 dart slugs
  A leopard gecko (D:3)
  11 orcs
  A ball python (D:2)
  6 bats
  3 giant cockroaches
  4 goblins
  6 hobgoblins
  10 jackals
  A quokka (D:5)
  A frilled lizard (D:2)
  6 kobolds
  A quokka skeleton (D:5)
  7 rats
86 creatures vanquished.

Notes
Turn   | Place    | Note
-------+----------+-------------------------------------------
     0 | D:1      | Ivernyr the Deep Elf Wizard began the quest for the Orb.
     0 | D:1      | Reached XP level 1. HP: 10/10 MP: 7/7
   170 | D:1      | Reached XP level 2. HP: 15/15 MP: 4/9
   174 | D:1      | Learned a level 2 spell: Blink
   741 | D:1      | Found a glowing golden altar of the Shining One.
   988 | D:2      | Reached XP level 3. HP: 16/19 MP: 2/11
  1167 | D:2      | Learned a level 3 spell: Conjure Flame
  1171 | D:2      | Learned a level 3 spell: Mephitic Cloud
  1214 | D:2      | Reached skill level 5 in Spellcasting
  1268 | D:2      | Noticed a black bear
  1523 | D:2      | Reached XP level 4. HP: 24/24 MP: 7/13
  1632 | D:2      | Killed a black bear
  1632 | D:2      | Reached XP level 5. HP: 17/28 MP: 1/15
  2537 | D:3      | You fall through a shaft for 2 floors!
  2537 | D:5      | Entered Level 5 of the Dungeon
  2540 | D:5      | Found a sacrificial altar of Ru.
  2608 | D:4      | Reached skill level 6 in Spellcasting
  2608 | D:4      | Reached XP level 6. HP: 32/32 MP: 6/17
  2714 | D:4      | Found a white marble altar of Elyvilon.
  3139 | D:3      | Found a snail-covered altar of Cheibriados.
  3183 | D:3      | Found an opulent altar of Gozag.
  3185 | D:3      | Became a worshipper of Cheibriados the Contemplative
  3187 | D:3      | Found a burning altar of Makhleb.
  3188 | D:3      | Found a hide-covered altar of Uskayaw.
  3189 | D:3      | Found a glowing silver altar of Zin.
  3192 | D:3      | Found an ancient bone altar of Kikubaaqudgha.
  3498 | D:4      | Reached skill level 5 in Conjurations
  3698 | D:4      | Found a sparkling altar of Nemelex Xobeh.
  3892 | D:5      | Reached skill level 1 in Invocations
  4296 | D:5      | Noticed Grinder
  4318 | D:5      | Paralysed by Grinder for 5 turns
  4321 | D:5      | HP: 1/32 [orc/morningstar (9)]
  4322 | D:5      | Slain by an orc

Skill      XL: |  1  2  3  4  5  6 |
---------------+-------------------+-----
Conjurations   | 2 3 4 5 |  5.5
Dodging        | 3 4 |  4.8
Spellcasting   | 5 6 |  6.4
Invocations    | 1 |  1.3
Stealth        | |  2.4
Summonings     | |  1.1
Translocations | |  1.1

Action                   |  1- 3 |  4- 6 || total
-------------------------+-------+-------++-------
Melee: Unarmed           |       |     1 ||     1
 Cast: Magic Dart        |    67 |   167 ||   234
       Conjure Flame     |     1 |     4 ||     5
       Mephitic Cloud    |     1 |     4 ||     5
       Blink             |       |     1 ||     1
 Stab: Confused          |       |     1 ||     1
  Eat: Chunk             |     2 |     9 ||    11
Armor: Robe              |     1 |     4 ||     5
Dodge: Dodged            |     6 |    31 ||    37
